 Dungeon Crawl Stone Soup version 0.30-a0-696-g2367cd04db (webtiles) character file.

Game seed: 15180867933116091907

1445 Darius099 the Ruffian (level 8, -1/79 (81) HPs)
             Began as a Troll Berserker on Jan 20, 2023.
             Was a Priest of Trog.
             Succumbed to a water moccasin's poison
             ... on level 6 of the Dungeon.
             The game lasted 00:08:00 (3657 turns).

Darius099 the Ruffian (Troll Berserker)             Turns: 3657, Time: 00:08:01

HP:   -1/79 (81)    AC:  4    Str: 26    XL:     8   Next: 46%
MP:   7/7           EV: 12    Int:  3    God:    Trog [***...]
Gold: 226           SH:  5    Dex: 17    Spells: 7/7 levels left

rFire   . . .      SeeInvis .      - Unarmed
rCold   . . .      Faith    .    (no shield)
rNeg    . . .      Spirit   .    n - +0 robe
rPois   .          Reflect  +    (helmet restricted)
rElec   .          Harm     .    l - scarf {repulsion}
rCorr   .          Rampage  .    (gloves unavailable)
Will    .....                    (boots unavailable)
Stlth   ++                       d - amulet of reflection
HPRegen 1.13/turn                k - +6 ring of dexterity
MPRegen 0.10/turn                (no ring)

@: lethally poisoned (-1 -> -6), on berserk cooldown, slowed, lightly drained,
repel missiles, very slow
A: large, unfitting armour, claws 3, regeneration 1, shaggy fur 1, tough skin 1
a: Renounce Religion, Berserk, Trog's Hand


You were on level 6 of the Dungeon.
You worshipped Trog.
Trog was most pleased with you.
You visited 1 branch of the dungeon, and saw 6 of its levels.

You collected 226 gold pieces.

Inventory:

Missiles
 j - 2 large rocks
 s - 2 throwing nets (quivered)
Armour
 l - a scarf of repulsion (worn)
 n - a +0 robe (worn)
Jewellery
 d - an amulet of reflection (around neck)
 k - a +6 ring of dexterity (left claw)
Wands
 a - a wand of light (12)
 i - a wand of polymorph (21)
 r - a wand of flame (16)
Scrolls
 b - 2 scrolls of teleportation
 e - 3 scrolls of enchant weapon {unknown}
 f - a scroll of blinking {unknown}
 g - a scroll of immolation {unknown}
 o - a scroll of poison {unknown}
 q - a scroll of torment {unknown}
 t - a scroll of magic mapping {unknown}
 v - 3 scrolls of fear {unknown}
 w - 2 scrolls of amnesia {unknown}
Potions
 c - a potion of magic {unknown}
 h - 3 potions of heal wounds
 m - a potion of ambrosia {unknown}
 p - 2 potions of attraction {unknown}
 u - 2 potions of resistance
 x - 2 potions of curing {unknown}


   Skills:
 + Level 5.6 Fighting
 + Level 5.6 Dodging
 + Level 6.8 Unarmed Combat


You had 7 spell levels left.
You didn't know any spells.
Your spell library was empty.

Dungeon Overview and Level Annotations

Branches:
Dungeon (6/15)
 Temple: D:4-7

Altars:
Cheibriados
Vehumet

Shops:
D:1 (


Innate Abilities, Weirdness & Mutations

You are too large for most types of armour.
You have claws for hands.
Your natural rate of healing is unusually fast.
You are covered in fur. (AC +1)
You have tough skin. (AC +1)


Message History

The wight completely misses you.
Your life force feels restored.
You scratch the wight but do no damage.
The wight is severely damaged.
You feel very sick. You block the wight's attack. The wight closely misses you.
You barely miss the wight.
The wight is severely damaged.
You feel very sick.
You scratch the wight but do no damage.
The wight is severely damaged.
You feel very sick. You block the wight's attack.
You mangle the wight!!
You destroy the wight!
Trog accepts your kill.
You feel sick.
You barely miss the wight.
You feel sick.
The wight hits you with a +3 morningstar of freezing!
* * * LOW HITPOINT WARNING * * *
The wight freezes you.
* * * LOW HITPOINT WARNING * * *
The wight hits you with a +2 short sword.
* * * LOW HITPOINT WARNING * * *
You claw the wight!
The wight is severely damaged.
You feel very sick.
You scratch the wight.
The wight is almost destroyed.
You are no longer berserk.
You are exhausted.
You feel yourself slow down.
You feel sick. The wight closely misses you.
The wight hits you with a +2 short sword!
* * * LOW HITPOINT WARNING * * *
You feel drained.
* * * LOW HITPOINT WARNING * * *
You claw the wight!
You destroy the wight!
Trog accepts your kill.
You die...

............# ............#
............# #...........# #
............# #.
...........ยง# ##.
...........## ##..
.#........Dz#############..##
##......##)@................
#.....####).............<..
##...## ##.........##.....
#### #..........##.....
##..........##.....
#...........##.....
##...........#......
##...................
#..........##.....###


You could see a steam dragon and a wight.

Vanquished Creatures
  Duvessa (D:4)
  A water moccasin (D:6)
  A sky beast (D:6)
  An ice beast (D:5)
  The ghost of AlwaysLooting the Chopper, an amateur HORe of Okawaru (D:4)
  A centaur (D:5)
  An ogre (D:5)
  Blork the orc (D:4)
  A necrophage (D:5)
  4 scorpions
  3 wights (D:6)
  Dowan (D:4)
  2 orc priests (D:4)
  2 hounds (D:5)
  A gnoll bouda (D:3)
  An iguana (D:5)
  6 gnolls (D:3)
  9 adders
  An ufetubus (D:4)
  3 worms
  2 dart slugs
  10 orcs
  5 endoplasms
  4 giant cockroaches
  3 goblins
  3 hobgoblins
  2 quokkas
  3 ball pythons
  9 bats
  3 frilled lizards
  7 kobolds
  4 rats
97 creatures vanquished.

Vanquished Creatures (others)
  A wight (D:6)
1 creature vanquished.

Grand Total: 98 creatures vanquished

Notes
Turn   | Place    | Note
-------+----------+-------------------------------------------
     0 | D:1      | Darius099 the Troll Berserker began the quest for the Orb.
     0 | D:1      | Reached XP level 1. HP: 22/22 MP: 0/0
    81 | D:1      | Found Ceun's Weapon Shop.
   422 | D:1      | Reached XP level 2. HP: 24/29 MP: 1/1
   740 | D:2      | Reached XP level 3. HP: 33/36 MP: 2/2
   833 | D:2      | Reached ** piety under Trog
  1214 | D:3      | Found a radiant altar of Vehumet.
  1344 | D:3      | Reached XP level 4. HP: 31/45 MP: 3/3
  1737 | D:3      | Reached skill level 4 in Unarmed Combat
  1905 | D:3      | Reached XP level 5. HP: 53/53 MP: 4/4
  2044 | D:4      | Noticed Blork the orc
  2049 | D:4      | Killed Blork the orc
  2104 | D:4      | Found a runed translucent gate.
  2104 | D:4      | Found a runed translucent gate.
  2104 | D:4      | Found a runed translucent gate.
  2104 | D:4      | Noticed AlwaysLooting's ghost (amateur HORe)
  2251 | D:4      | Reached XP level 6. HP: 62/62 MP: 5/5
  2389 | D:4      | Found a snail-covered altar of Cheibriados.
  2710 | D:4      | Reached skill level 5 in Unarmed Combat
  2731 | D:4      | Reached *** piety under Trog
  2749 | D:4      | Noticed Dowan
  2751 | D:4      | Noticed Duvessa
  2759 | D:4      | Killed Duvessa
  2760 | D:4      | Reached XP level 7. HP: 71/71 MP: 6/6
  2763 | D:4      | Killed Dowan
  2941 | D:4      | Killed AlwaysLooting's ghost
  2968 | D:5      | Entered Level 5 of the Dungeon
  3144 | D:5      | Reached skill level 5 in Fighting
  3144 | D:5      | Reached skill level 5 in Dodging
  3144 | D:5      | Reached skill level 6 in Unarmed Combat
  3166 | D:5      | Reached XP level 8. HP: 61/74 MP: 7/7
  3656 | D:6      | HP: 3/81 [wight/+2 short sword (8)]
  3657 | D:6      | Succumbed to a water moccasin's poison

Illustrated notes

Levels and vault maps discovered:
D:1:      evilmike_arrival_fibonacci_small, layout_loops_ring, serial_shops,
          shop
D:2:      layout_rooms
D:3:      layout_loops_corners, fiery_altar_vehumet
D:4:      layout_gridville, mainiacjoe_overflow_six_doors_small,
          gammafunk_ghost_split, uniq_duvessa, uniq_blork_the_orc
D:5:      layout_rooms
D:6:      layout_cave_pods, minmay_temple_entry_trees

Skill      XL: |  1  2  3  4  5  6  7 |
---------------+----------------------+-----
Fighting       | 3 4 5 |  5.6
Dodging        | 3 4 5 |  5.6
Unarmed Combat | 4 5 6 |  6.8

Action                   |  1- 3 |  4- 6 |  7- 9 || total
-------------------------+-------+-------+-------++-------
Melee: Unarmed           |    90 |    91 |    90 ||   271
       Punch             |     1 |     4 |       ||     5
Throw: Large rock        |       |       |     4 ||     4
       Throwing net      |       |       |     3 ||     3
Invok: Berserk           |     1 |     2 |     1 ||     4
  Use: Scroll            |       |     2 |     4 ||     6
 Stab: Sleeping          |     2 |     2 |       ||     4
Armor: Animal skin       |    40 |       |       ||    40
       Robe              |     1 |    14 |    10 ||    25
Dodge: Dodged            |    55 |    49 |    43 ||   147
Block: Other             |     8 |    23 |    19 ||    50

Table legend: (Time is in decaauts)
 A = Elapsed time spent in this place.
 B = Non-inter-level travel time spent in this place.
 C = Inter-level travel time spent in this place.
 D = Time resting spent in this place.
 E = Time spent auto-exploring this place.
 F = Levels seen in this place.
 G = Mean time per level.
                   A        B        C        D        E       F      G
               +--------+--------+--------+--------+--------+-----+--------+
         Total |   3662 |   3518 |    144 |    107 |   2543 |   6 |  610.3 |
       Dungeon |   3662 |   3518 |    144 |    107 |   2543 |   6 |  610.3 |
               +--------+--------+--------+--------+--------+-----+--------+

Top non-repeatable levels by time:
     D:4: 939 daAuts
     D:3: 917 daAuts
     D:1: 660 daAuts
     D:5: 554 daAuts
     D:2: 464 daAuts
     D:6: 124 daAuts
